 Dungeon Crawl Stone Soup version 0.29.1 (webtiles) character file.

Game seed: 18445583045045155143

92 xian the Gusty (level 4, -1/24 HPs)
             Began as a Tengu Air Elementalist on Sept 15, 2022.
             Slain by a gnoll
             ... wielding a +0 halberd
              (3 damage)
             ... on level 2 of the Dungeon.
             The game lasted 00:04:29 (1943 turns).

xian the Gusty (Tengu Air Elementalist)             Turns: 1943, Time: 00:04:30

Health: -1/24      AC:  7    Str: 18    XL:     4   Next: 60%
Magic:  9/9        EV: 12    Int: 17    God:
Gold:   136        SH:  0    Dex: 14    Spells: 6/9 levels left

rFire   . . .      SeeInvis +   g - +1 dagger (venom)
rCold   . . .      Faith    .   (no shield)
rNeg    + . .      Spirit   .   n - +0 leather armour "Notaebina" {rElec Str+9 SInv}
rPois   .          Reflect  .   (helmet restricted)
rElec   +          Harm     .   (no cloak)
rCorr   .          Rampage  .   (no gloves)
Will    .....                   (boots unavailable)
Stlth   ++........              (no amulet)
HPRegen 0.08/turn               i - +4 ring of protection
MPRegen 0.11/turn               k - ring of positive energy

@: no status effects
A: beak, talons 3
a: no special abilities


You were on level 2 of the Dungeon.
You visited 1 branch of the dungeon, and saw 3 of its levels.

You collected 136 gold pieces.

Inventory:

Hand Weapons
 g - a +1 dagger of venom (weapon)
Armour
 a - a +0 robe
 n - the +0 leather armour "Notaebina" (worn) {rElec Str+9 SInv}
   (You found it on level 2 of the Dungeon)

   Str:       It affects your strength (+9).
   rElec:     It insulates you from electricity.
   SInv:      It lets you see invisible.
Jewellery
 i - a +4 ring of protection (left hand)
 k - a ring of positive energy (right hand)
 m - a ring of protection from fire
Scrolls
 d - a scroll of torment {unknown}
 e - a scroll of brand weapon {unknown}
 h - a scroll of vulnerability {unknown}
 l - 3 scrolls of identify {unknown}
Potions
 b - a potion of magic
 c - 3 potions of brilliance {unknown}
 f - a potion of might {unknown}
 j - a potion of degeneration {unknown}


   Skills:
 + Level 2.2 Dodging
 + Level 2.0 Stealth
 + Level 3.0 Spellcasting
 + Level 3.0 Conjurations
 + Level 5.2 Air Magic


You had 6 spell levels left.
You knew the following spells:

 Your Spells              Type           Power      Damage    Failure   Level
a - Shock                 Conj/Air       64%        1d7       3%          1
b - Static Discharge      Conj/Air       16%        3-5/arc   6%          2

Your spell library contained the following spells:

 Spells                   Type           Power      Damage    Failure   Level
 Swiftness                Air            20%        N/A       8%          3
 Airstrike                Air            10%        2d(2-18)  24%         4


Dungeon Overview and Level Annotations

Branches:
Dungeon (3/15)

Altars:


Innate Abilities, Weirdness & Mutations

You have a beak for a mouth.
You have claws for feet.


Message History

You finish taking off your +0 robe.
You start putting on your armour.
You continue putting on the +0 leather armour "Notaebina" {rElec Str+9 SInv}. x5
You finish putting on the +0 leather armour "Notaebina" {rElec Str+9 SInv}.
You feel stronger.
You open the door.
There is an open door here.
There is an open door here.
A kobold comes into view. It is wielding a +0 dagger.
The kobold shouts!
The zap hits the kobold.
You kill the kobold!
You see here a +0 dagger.
You see here a +0 dagger.
Done exploring.
There is a stone staircase leading down here.
Done exploring.
There is a stone staircase leading down here.
You climb downwards.
The gnoll shouts!
The hobgoblin shouts!
The gnoll shouts!
There is a stone staircase leading up here.
The gnoll misses you. The gnoll hits you with a +0 halberd!
You climb upwards.
There is a stone staircase leading down here.
The gnoll attacks as you move away! The gnoll completely misses you.
The gnoll hits you but does no damage. x2
The gnoll attacks as you move away! The gnoll closely misses you.
The gnoll attacks as you move away! The gnoll hits you with a +0 flail!
You are too injured to fight recklessly!
You hit the gnoll but do no damage. You claw the gnoll.
Your peck misses the gnoll.
The gnoll is lightly wounded.
The gnoll hits you with a +0 flail.
* * * LOW HITPOINT WARNING * * *
The gnoll closely misses you.
You hit the gnoll but do no damage. You claw the gnoll.
The gnoll is heavily wounded.
The gnoll barely misses you.
The gnoll hits you from afar with a +0 halberd.
You die...

#.# #.##.....#.#####.## # #.#
#.##.###.#.# #.# # #.# #.##.#
#.#.# #.# # #.# #.##.###.#.#
##'## #.# #..........# ##)..##
##.## ########.#####.....## .#..#
##.#.# ##.......## #
..#.#########....###.........####
................@..+.........'...
........#####...g###.........###.
.##.###.# ###)#g####.......## #.
.##.# #.# #......>###.....## #.
.##.# #.# #.........##...## #.
.##.###.# #.###.........## #.
........# #.##....#.##..# #.
###.##### #.........##..##### #.
#.# #.##.#..#.........###.


You could see 2 gnolls.

Vanquished Creatures
  Robin (D:2)
  3 adders (D:2)
  A worm (D:2)
  A dart slug (D:2)
  5 ball pythons (D:2)
  5 endoplasms
  2 giant cockroaches (D:1)
  11 goblins (D:2)
  3 hobgoblins (D:2)
  2 jackals (D:2)
  3 quokkas (D:2)
  A bat (D:2)
  A frilled lizard (D:2)
  4 kobolds
  2 rats
45 creatures vanquished.

Notes
Turn   | Place    | Note
-------+----------+-------------------------------------------
     0 | D:1      | xian the Tengu Air Elementalist began the quest for the
                  | Orb.
     0 | D:1      | Reached XP level 1. HP: 10/10 MP: 4/4
   216 | D:1      | Found a faded altar of an unknown god.
   350 | D:1      | You fall into a shaft and drop 1 floor!
   354 | D:2      | Reached XP level 2. HP: 15/15 MP: 3/6
   360 | D:2      | Learned a level 2 spell: Static Discharge
   782 | D:2      | Reached XP level 3. HP: 15/19 MP: 1/7
  1262 | D:2      | Noticed Robin
  1265 | D:2      | Reached XP level 4. HP: 22/24 MP: 6/9
  1271 | D:2      | Killed Robin
  1272 | D:2      | Reached skill level 5 in Air Magic
  1853 | D:2      | Identified the +0 leather armour "Notaebina" {rElec Str+9
                  | SInv}
  1943 | D:2      | Slain by a gnoll

Illustrated notes

Levels and vault maps discovered:
D:1:      co_arrival_square_in_a_square_in_a_square, layout_loops_ring,
          shapermc_ecumenical_altar_flowoftime
D:2:      layout_loops_corners, uniq_robin
D:3:      layout_basic, nicolae_ru_path_of_blood, serial_shops,
          nicolae_shop_bloodbath_and_beyond, chequers_mini_garden,
          nrook_loot_triangle

Skill      XL: |  1  2  3  4 |
---------------+-------------+-----
Conjurations   | 2 3 |  3.0
Air Magic      | 5 |  5.2
Spellcasting   | 3 |  3.0
Dodging        | |  2.2
Stealth        | |  2.0

Action                   |  1- 3 |  4- 6 || total
-------------------------+-------+-------++-------
Melee: Club              |     4 |       ||     4
       Kick              |     4 |     4 ||     8
       Dagger            |    10 |     8 ||    18
       Peck              |     1 |     1 ||     2
 Cast: Shock             |    50 |    24 ||    74
       Static Discharge  |     2 |       ||     2
Armor: Robe              |     6 |     5 ||    11
       Leather armour    |       |     2 ||     2
Dodge: Dodged            |    14 |    11 ||    25
